[Event "*** Titled Tuesday Blitz"]
[Site "Chess.com"]
[Date "2020.10.20"]
[Round "3"]
[White "stolencandy13"]
[Black "natelleka"]
[Result "1-0"]
[WhiteElo "2460"]
[BlackElo "2191"]
[TimeControl "180+1"]
[EndTime "10:29:28 PDT"]
[Termination "stolencandy13 won on time"]

1. e4 e5 2. Nf3 Nf6 3. Nc3 Bb4 4. Bc4 Bxc3 5. dxc3 d6 6. Qe2 Nc6 7. h3 Be6 8. Bb5 a6 9. Ba4 O-O 10. Bg5 b5 11. Bb3 Na5 12. O-O Nc4 13. Rab1 c5 14. Rfd1 Qe7 15. Nh2 Rfd8 16. Qf3 h6 17. Bxf6 Qxf6 18.
Qxf6 gxf6 19. Ng4 Kg7 20. Bxc4 Bxg4 21. hxg4 bxc4 22. Rd2 Kf8 23. f3 Ke7 24. Kf2 Rh8 25.
Rbd1 Rad8 26. Re2 h5 27. gxh5 Rxh5 28. Red2 Rhh8 29. Rd5 Rh5 30. R5d2 Rg5 31. Ke3 Rh5 32. g4 Rh3 33. Rg1 Ke6 34. Rgg2 Rb8 35. b3 cxb3 36. cxb3 a5 37. Rh2 Rxh2 38. Rxh2 a4 39. Rb2 axb3 40.
axb3 d5 41. exd5+ Kxd5 42. Rd2+ Kc6 43. Rb2 Kd5 44. c4+ Kc6 45. Ke4 Kd6 46. Rd2+ Ke6 47. Rd5 Rxb3 48. Rxc5 Rb4 49. Rc6+ Ke7 50. Rc8 Ra4 51. Kf5 1-0

[Event "*** Titled Tuesday Blitz"]
[Site "Chess.com"]
[Date "2020.10.20"]
[Round "3"]
[White "Caterpiller35"]
[Black "dropstoneDP"]
[Result "0-1"]
[WhiteElo "2436"]
[BlackElo "2846"]
[TimeControl "180+1"]
[EndTime "10:29:29 PDT"]
[Termination "dropstoneDP won on time"]

1. d4 Nf6 2. Bg5 c6 3. Bxf6 exf6 4. e3 Qb6 5. Qc1 d5 6. c4 dxc4 7. Bxc4 Bd6 8. Ne2 O-O 9. Nbc3 Nd7 10. Qc2 Qc7 11.
O-O-O a5 12. Bd3 h6 13. Kb1 a4 14. Rc1 Qa5 15. h4 a3 16. b3 Nb6 17. Rcg1 Bg4 18. f3 Bd7 19. g4 Nd5 20. g5 Nb4 21. gxf6 g6 22. Bxg6 Nxc2 23. Bxc2+ Kh8 24. Rg7 Bf5 25. e4 Bb4 26. Nd1 Qd8 27. Ng3 Bg6 28. h5 Qxf6 29.
hxg6 Qxg7 30. Nf5 Qxg6 31. Nxh6 Qg2 32. Rh5 Qg6 33. Rh2 Kg7 34. Nf5+ Qxf5 35. exf5 Rh8 36. Rg2+ Kf6 37. Ne3 Rh1+ 38. Bd1 Re8 39. Ng4+ Kxf5 40. Kc2 Ree1 41. Nf2 Rhf1 42. Ne4 Rxd1 43. Rg5+ Kf4 0-1

[Event "*** Titled Tuesday Blitz"]
[Site "Chess.com"]
[Date "2020.10.20"]
[Round "3"]
[White "SerLanselot"]
[Black "Susal_De_Silva"]
[Result "0-1"]
[WhiteElo "2224"]
[BlackElo "2424"]
[TimeControl "180+1"]
[EndTime "10:29:29 PDT"]
[Termination "Susal_De_Silva won by resignation"]

1. e4 e5 2. Nf3 Nc6 3. Bb5 a6 4.
Ba4 Nf6 5. O-O Be7 6. Re1 b5 7.
Bb3 d6 8. c3 O-O 9. h3 Na5 10.
Bc2 c5 11. d4 Nd7 12. Nbd2 exd4 13. cxd4 Nc6 14. Nf1 cxd4 15. Nxd4 Nxd4 16. Qxd4 Ne5 17.
Ne3 Bxh3 18. f4 Nc6 19. Qd5 Nb4 20. Qh5 Nxc2 21. Nxc2 Bd7 22. Nd4 Bf6 23. e5 dxe5 24. fxe5 Re8 25. Bf4 Bg4 26. Qxg4 Qxd4+ 27. Kh1 Bxe5 28.
Rf1 Bxf4 29. Rxf4 Qxb2 30. Raf1 Ra7 31. Re4 Rf8 32. a4 g6 33. Qg3 b4 34. a5 Rb7 35.
Qd3 Rb5 36. Rh4 Qc3 37. Qxc3 bxc3 38. Rc4 Rxa5 39. Rxc3 Ra2 40. Rc7 a5 41. Ra7 a4 42.
Rf4 a3 43. Rf3 Kg7 44. Kh2 h5 45. Rfxa3 Rxa3 46. Rxa3 g5 47. Ra6 f6 48. Ra7+ Kg6 49.
Ra5 Rc8 50. Ra7 Rc3 51. Ra4 h4 52. Ra5 f5 53. Ra6+ Kh5 54. Ra8 g4 55. Rh8+ Kg5 56. Rg8+ Kf4 57. Rh8 h3 58. gxh3 Rxh3+ 59. Rxh3 gxh3 60.
Kxh3 Ke3 61. Kg2 f4 62. Kf1 Kf3 63. Kg1 Ke2 0-1

[Event "*** Titled Tuesday Blitz"]
[Site "Chess.com"]
[Date "2020.10.20"]
[Round "3"]
[White "orestn"]
[Black "esrosenberg"]
[Result "0-1"]
[WhiteElo "2435"]
[BlackElo "2292"]
[TimeControl "180+1"]
[EndTime "10:29:30 PDT"]
[Termination "esrosenberg won by resignation"]

1. e4 e5 2. Nf3 Nc6 3. Bb5 a6 4.
Ba4 Nf6 5. O-O Be7 6. d3 b5 7. Bb3 d6 8. Nc3 O-O 9. a4 Rb8 10. axb5 axb5 11. h3 Be6 12. Bxe6 fxe6 13. Be3 Qd7 14.
Nd2 b4 15. Ne2 Rf7 16. Ng3 Rbf8 17. Nb3 Ne8 18. Qd2 Bh4 19. Rfe1 Qe7 20. Ra6 Qd7 21. Rea1 Nd4 22. Nxd4 exd4 23. Bxd4 c5 24. Be3 Bxg3 25. fxg3 e5 26. Ra8 Nc7 27. Rxf8+ Rxf8 28. Qe2 b3 29. c3 Ne6 30. Qd1 Qf7 31. Qxb3 h5 32. Qd1 Qg6 33. Qe2 c4 34. Rd1 cxd3 35. Qxd3 Qxg3 36. Qe2 Qg6 37. Bc1 Nf4 38. Bxf4 exf4 39. Qf3 Rf6 40. Rd5 h4 41. b4 Qe8 42. Rf5 Re6 43. Rxf4 Qc6 44. Qd3 Re5 45. Rxh4 Qe8 46. Qc4+ Re6 47. Rg4 Kf8 48. Qd5 Rf6 49. Rg3 Qe7 50. Rf3 Qa7+ 51. Kh2 Rxf3 52. Qxd6+ Kg8 53. Qd5+ Rf7 54. e5 Qd7 55. e6 Qxd5 56. exf7+ Qxf7 57. b5 Qc7+ 58. g3 Qxc3 59. Kg2 Qb4 60. h4 Qxb5 61. Kh3 Qb3 0-1

[Event "*** Titled Tuesday Blitz"]
[Site "Chess.com"]
[Date "2020.10.20"]
[Round "3"]
[White "Swarnapuri"]
[Black "Cocaino74"]
[Result "1-0"]
[WhiteElo "2614"]
[BlackElo "2390"]
[TimeControl "180+1"]
[EndTime "10:29:31 PDT"]
[Termination "Swarnapuri won by resignation"]

1. d4 d5 2. Bf4 Nf6 3. e3 c5 4.
c3 Nc6 5. Nd2 Bf5 6. Ngf3 Qb6 7.
Nh4 Bd7 8. Qb3 e6 9. Be2 Qxb3 10. axb3 Be7 11. h3 Ne4 12. Nhf3 f5 13. Ne5 Nxe5 14.
Bxe5 O-O 15. Nxe4 fxe4 16. f3 cxd4 17. exd4 Bh4+ 18. Kd2 Bg5+ 19. Kc2 Be8 20. b4 Bg6 21. Kb3 exf3 22. Bxf3 Bf4 23. Rhe1 Bd2 24. Re2 Bg5 25. Ree1 Bd2 26. Red1 Bg5 27. b5 Bf4 28. Bxf4 Rxf4 29. Re1 Kf7 30. Kb4 Be4 31. Bxe4 dxe4 32. g3 Rf2 33. b3 a5+ 34. Rxa5 Rxa5 35. Kxa5 Rf3 36. Kb4 e3 37. c4 Rxg3 38. c5 Ke7 39. h4 Rg4 40. Kc3 Rxh4 41. Rxe3 Rh1 42. d5 Rc1+ 43. Kb4 Kd7 44. Rxe6 Rd1 45. c6+ Kc7 46. Re7+ Kd8 47.
Rd7+ 1-0

[Event "*** Titled Tuesday Blitz"]
[Site "Chess.com"]
[Date "2020.10.20"]
[Round "3"]
[White "Gusarov91"]
[Black "scandalgod"]
[Result "1-0"]
[WhiteElo "2579"]
[BlackElo "2370"]
[TimeControl "180+1"]
[EndTime "10:29:31 PDT"]
[Termination "Gusarov91 won on time"]

1. d4 d5 2. Nf3 Nf6 3. c4 c6 4. Nc3 dxc4 5. a4 Bf5 6. e3 e6 7. Bxc4 Bb4 8. O-O Nbd7 9. Qe2 O-O 10. Rd1 Qe7 11. e4 Bg4 12. Bg5 e5 13. h3 Bxf3 14. Qxf3 exd4 15. Rxd4 Ne5 16. Qe2 Bc5 17. Rdd1 h6 18.
Bh4 Rad8 19. Bb3 Bd4 20. Kh1 Ng6 21. Bg3 Bxc3 22. bxc3 Nxe4 23. Qe3 Nc5 24. Qxe7 Nxe7 25. Bc2 Nd5 26. Rd4 Nxc3 27. Rc4 Ne6 28. Rxc3 Rd2 29.
Rd1 Rfd8 30. Rxd2 Rxd2 31. Bf5 Nd4 32. Rd3 Rxd3 33. Bxd3 b6 34. f3 Nb3 35. Bf2 c5 36. Bc2 Na5 37. Kg1 Nc6 38. Kf1 Nb4 39. Bb3 Kf8 40.
Ke2 Nc6 41. Bc4 Ke7 42. Be3 Na5 43. Bb5 Nb3 44. Kd3 Na5 45. Kc3 Nb7 46. Bf4 Nd6 47. Bxd6+ Kxd6 48. Bc4 f6 49. f4 g5 50. g3 h5 51. h4 gxh4 52. gxh4 Ke7 53. Kd3 1-0

[Event "*** Titled Tuesday Blitz"]
[Site "Chess.com"]
[Date "2020.10.20"]
[Round "3"]
[White "PattyCastillo"]
[Black "DinaBelenkaya"]
[Result "0-1"]
[WhiteElo "1932"]
[BlackElo "2284"]
[TimeControl "180+1"]
[EndTime "10:29:32 PDT"]
[Termination "DinaBelenkaya won on time"]

1. d4 d5 2. Nf3 Nf6 3. e3 c5 4. Bd3 c4 5. Be2 Nc6 6. b3 b5 7. a4 Qa5+ 8. c3 b4 9. bxc4 bxc3 10. O-O dxc4 11. Bxc4 e6 12. Bb5 Bd7 13. Qb3 a6 14. Be2 Bb4 15. Ba3 O-O 16. Bxb4 Nxb4 17. Nxc3 Rab8 18. Qd1 Rfc8 19. Rc1 Nfd5 20. Nxd5 exd5 21. Ne5 Bxa4 22. Qd2 Qb6 23. Rxc8+ Rxc8 24. Rb1 a5 25. h4 f6 26. Nd3 Bb5 27. Nc5 Bxe2 28. Qxe2 Ra8 29. Qg4 Qc6 30. Ne6 Qd7 31. Qh3 Ra6 32.
Nf4 Qxh3 33. Nxh3 Nd3 34. Nf4 Nxf4 35. exf4 a4 36. Ra1 a3 37. Kf1 Kf7 38. Ke2 Ke6 39. Kd3 Kd6 40. Ra2 Ra4 41. g3 Kc6 42. f5 Kb5 43. g4 Kb4 44. g5 Kb3 45. Ra1 a2 46. gxf6 gxf6 47. h5 Kb2 0-1

[Event "*** Titled Tuesday Blitz"]
[Site "Chess.com"]
[Date "2020.10.20"]
[Round "3"]
[White "crescentmoon2411"]
[Black "Pultis"]
[Result "1/2-1/2"]
[WhiteElo "2883"]
[BlackElo "2677"]
[TimeControl "180+1"]
[EndTime "10:29:33 PDT"]
[Termination "Game drawn by repetition"]

1. d4 Nf6 2. Nf3 d5 3. Bf4 e6 4. e3 Bd6 5. Bg3 b6 6. c4 O-O 7. cxd5 exd5 8. Nc3 a6 9. Bd3 h6 10. O-O Be6 11. e4 Bxg3 12. hxg3 dxe4 13. Nxe4 Nbd7 14. Re1 Re8 15. Rc1 Nd5 16. a3 N5f6 17. Qc2 Bd5 18. Nxf6+ Nxf6 19. Qxc7 Bxf3 20. Rxe8+ Nxe8 21. Qxd8 Rxd8 22. gxf3 a5 23. Rc6 Rb8 24. d5 Kf8 25. d6 Rd8 26.
Rxb6 Rxd6 27. Rxd6 Nxd6 28. f4 Ke7 29. Kf1 Kd7 30.
Ke2 Kc6 31. b4 axb4 32. axb4 Kd5 33. Kd2 Kd4 34. b5 Kc5 35. Ke3 Nxb5 36. Bxb5 Kxb5 37. Kd4 Kc6 38. Ke5 Kd7 39. f5 Kc6 40. g4 Kc5 41. f4 Kc6 42. Ke4 Kd6 43. Kd4 Kc6 44. Ke5 Kc5 45.
Ke4 Kd6 46. Kd4 f6 47. Kc4 Kc6 48. Kd4 Kd6 49. Kc4 Kc6 50. Kd4 Kd6 1/2-1/2

[Event "*** Titled Tuesday Blitz"]
[Site "Chess.com"]
[Date "2020.10.20"]
[Round "3"]
[White "Zkid"]
[Black "doons21"]
[Result "1/2-1/2"]
[WhiteElo "2820"]
[BlackElo "2563"]
[TimeControl "180+1"]
[EndTime "10:29:33 PDT"]
[Termination "Game drawn by repetition"]

1. e4 e6 2. d4 d5 3. Nc3 Bb4 4. Ne2 Nc6 5. e5 Nge7 6. a3 Ba5 7. b4 Bb6 8. Na4 Nf5 9. c3 f6 10. exf6 Qxf6 11. Ng3 O-O 12. Nxf5 Qxf5 13. Be3 e5 14. Bd3 e4 15. Be2 Qg6 16. Qb3 Ne7 17. O-O-O c6 18. Nxb6 axb6 19. h4 h5 20. g4 Bxg4 21. Rdg1 Qe6 22.
Bxg4 hxg4 23. h5 Nf5 24. Rg2 Nxe3 25. fxe3 Rf3 26. Rhg1 Raf8 27. Qd1 R8f7 28. Rxg4 Qh6 29. Rg5 Rxe3 30. Qd2 Rff3 31. Kb2 Rxc3 32. Rxg7+ Qxg7 33. Rxg7+ Kxg7 34. Qg5+ Kh8 35. Qe5+ Kh7 36. Qc7+ Kh6 37. Qxb7 Rb3+ 38. Kc2 Rfc3+ 39. Kd1 Rd3+ 40. Kc2 Rbc3+ 41. Kb2 b5 42. Qf7 Rg3 43. Qf4+ Kxh5 44. Qf5+ Kh4 45.
Qf4+ Kh3 46. Qh6+ Kg2 47. Qd2+ Kh1 48. Qd1+ Kh2 49. Qh5+ Kg1 50. Qd1+ Kf2 51. Qd2+ Kf1 52. Qd1+ Kg2 53. Qe2+ Kh1 54. Qd1+ Kh2 55. Qh5+ Rh3 56. Qe2+ Kg1 57. Qe1+ Kg2 58. Qe2+ Kg1 59. Qe1+ Kg2 60. Qe2+ Kg1 1/2-1/2

[Event "*** Titled Tuesday Blitz"]
[Site "Chess.com"]
[Date "2020.10.20"]
[Round "3"]
[White "AwareIdea"]
[Black "UmbertoConcelli"]
[Result "1/2-1/2"]
[WhiteElo "2474"]
[BlackElo "2707"]
[TimeControl "180+1"]
[EndTime "10:29:34 PDT"]
[Termination "Game drawn by repetition"]

1. d4 d5 2. c4 e6 3. Nc3 Be7 4. Nf3 Nf6 5. Bf4 O-O 6. e3 Nbd7 7. c5 Nh5 8. Be5 f6 9. Bg3 c6 10. b4 g6 11. a4 e5 12. Nd2 exd4 13. exd4 f5 14.
Be2 f4 15. Bxh5 gxh5 16. Qxh5 fxg3 17. hxg3 Nf6 18. Qg5+ Kh8 19. O-O-O Rg8 20. Qh4 Bf5 21. Qf4 Bg6 22. f3 Qb8 23. Qe3 Rg7 24. g4 Qf8 25. Rde1 Re8 26. Qf4 b6 27. Nb3 a5 28. bxa5 bxc5 29. dxc5 Rb8 30. Nd4 Bxc5 31. Ne6 Ba3+ 32. Kd1 Ne4 33. Nxf8 Nxc3+ 34. Kd2 Rxf8 35. Qd4 c5 36. Qe5 Bb4 37. Kc1 d4 38. Qd6 Rfg8 39.
Re7 Ba3+ 40. Kd2 Rxe7 41. Qxe7 Bb4 42. Qf6+ Rg7 43. Qf8+ Rg8 44. Qf6+ Rg7 45. Qf8+ Rg8 46. Qf6+ 1/2-1/2

[Event "*** Titled Tuesday Blitz"]
[Site "Chess.com"]
[Date "2020.10.20"]
[Round "3"]
[White "Maghalashvili"]
[Black "krasavetc"]
[Result "1-0"]
[WhiteElo "2665"]
[BlackElo "2329"]
[TimeControl "180+1"]
[EndTime "10:29:34 PDT"]
[Termination "Maghalashvili won on time"]

1. Nf3 Nc6 2. d4 d6 3. g3 d5 4. Bg2 Nf6 5. O-O e6 6. c4 dxc4 7. Nbd2 Be7 8. Nxc4 O-O 9. a3 Rb8 10. b4 b5 11. Nce5 Bb7 12. Nxc6 Bxc6 13. Bb2 Ba8 14. Qc2 Be4 15. Qd2 Nd5 16. Rfc1 Nb6 17. Qc3 Nc4 18. Nd2 Bxg2 19. Kxg2 c5 20. bxc5 e5 21. Nxc4 bxc4 22. dxe5 Bxc5 23. e6 Qg5 24. Qxc4 Bb6 25. Bd4 fxe6 26. Qxe6+ Kh8 27. Bxb6 Rxb6 28.
Rc8 Rb8 29. Rxb8 Rxb8 30. Rd1 h6 31. Rd7 Rf8 32. Qd5 Qf6 33. Qd4 Qc6+ 34. Rd5 Rd8 35. e4 Rf8 36. Rd6 Qc2 37. Rxh6+ Kg8 38. Re6 Qe2 39. Qe3 Qg4 40. Re5 Qd1 41. Rd5 Qg4 42. Rg5 Qe6 43. Qd4 Rf6 44. Re5 Qg4 45. Qd8+ Kh7 46.
Qd3 Kg8 47. Rf5 Re6 48. Rf4 Qg6 49.
Qd5 1-0

[Event "*** Titled Tuesday Blitz"]
[Site "Chess.com"]
[Date "2020.10.20"]
[Round "3"]
[White "anpospan"]
[Black "11kevin"]
[Result "0-1"]
[WhiteElo "2371"]
[BlackElo "2581"]
[TimeControl "180+1"]
[EndTime "10:29:34 PDT"]
[Termination "11kevin won on time"]

1. Nf3 d5 2. g3 Nf6 3. Bg2 c6 4. O-O Bf5 5. b3 e6 6. Bb2 h6 7. d3 Be7 8. Nbd2 O-O 9. Re1 a5 10. e4 Bh7 11. e5 Nfd7 12. a3 b5 13. Qe2 c5 14. c4 bxc4 15. bxc4 d4 16. Bc1 Ra6 17.
Ne4 Nc6 18. Bf4 a4 19. h4 Rb6 20. Qd2 Re8 21. Bxh6 gxh6 22. Qxh6 Bf8 23. Qh5 Bg6 24. Qg4 Ndxe5 25. Nxe5 Nxe5 26. Qe2 Rb3 27. Rad1 Rxa3 28.
h5 Bf5 29. Bf3 Nxf3+ 30. Qxf3 Bxe4 31. Rxe4 f5 32. Re5 Bd6 33. Rxf5 exf5 34. Qxf5 Re7 35. h6 Rh7 36. Qg6+ Kh8 37. Re1 Be7 38. Re5 Ra1+ 39. Kg2 Rb1 40. Qg4 Qa8+ 41. Rd5 Rb8 42. Qe6 Rf8 43.
Qe5+ Bf6 44. Qe6 a3 45. f3 a2 46. Rd7 Rxd7 0-1

[Event "*** Titled Tuesday Blitz"]
[Site "Chess.com"]
[Date "2020.10.20"]
[Round "3"]
[White "WiktoriaPOL"]
[Black "glebus008"]
[Result "0-1"]
[WhiteElo "2048"]
[BlackElo "2323"]
[TimeControl "180+1"]
[EndTime "10:29:34 PDT"]
[Termination "glebus008 won on time"]

1. c4 e6 2. Nc3 d5 3. d4 c6 4.
cxd5 exd5 5. Qc2 Bd6 6. a3 Ne7 7. Bg5 f6 8. Bh4 Bf5 9. Qb3 Qb6 10. Qxb6 axb6 11. Nf3 b5 12. Nd1 Nd7 13. e3 Nb6 14.
Bg3 Kd7 15. Bxd6 Kxd6 16. Nh4 Bc2 17. Kd2 Bxd1 18. Kxd1 b4 19. Kc2 bxa3 20. bxa3 Ra5 21. Kb3 Rha8 22. Bd3 g6 23. Nf3 Ra4 24. h4 Nc4 25.
Bxc4 dxc4+ 26. Kb2 b5 27. h5 Nd5 28. hxg6 hxg6 29.
Rh6 Ne7 30. Rh7 b4 31. Rg7 c3+ 32. Kb3 Rxa3+ 33. Rxa3 bxa3 34. Ne1 a2 35. Nc2 Ke6 36. Na1 g5 37. Kxc3 Rb8 38. Rh7 Rb1 39. Nb3 Rxb3+ 40. Kxb3 a1=Q 41. Rh2 Qb1+ 42. Kc3 Qc1+ 43. Kb3 Qd1+ 44.
Kb2 Qe2+ 45. Kc3 Qxf2 0-1

[Event "*** Titled Tuesday Blitz"]
[Site "Chess.com"]
[Date "2020.10.20"]
[Round "3"]
[White "XDPS"]
[Black "KarstenHansch"]
[Result "0-1"]
[WhiteElo "2708"]
[BlackElo "2489"]
[TimeControl "180+1"]
[EndTime "10:29:35 PDT"]
[Termination "KarstenHansch won by resignation"]

1. e4 c6 2. Nf3 d5 3. Nc3 dxe4 4. Nxe4 Nf6 5. Qe2 Nxe4 6. Qxe4 Qd5 7. Qf4 Qf5 8. Qc7 Qe6+ 9. Be2 Na6 10. Qf4 Qf5 11.
Qg3 Qxc2 12. O-O Qg6 13. Qe5 Qd6 14. Qc3 Nc7 15. d4 Nd5 16. Qb3 g6 17. Ne5 Bg7 18.
Bf3 O-O 19. Re1 Qb4 20. Qd1 Be6 21. a3 Qb6 22. h4 Rad8 23. h5 Nc7 24. hxg6 hxg6 25.
Qc2 Qxd4 26. Re4 Bf5 27. Rxd4 Bxc2 28. Rxd8 Rxd8 29. Bf4 Ne6 30. Bg3 Nd4 31. Rc1 Nxf3+ 32. gxf3 Rd1+ 33. Rxd1 Bxd1 34. Kg2 Bxe5 35. Bxe5 f6 36.
Bd4 b6 37. Bc3 Kf7 38. f4 Ke6 39. Kg3 Kd5 40. Bd2 Ke4 41. Bc3 c5 42. Bd2 b5 43. Ba5 f5 44. Bd8 e6 45. Be7 c4 46.
Bb4 Kd3 47. Bc3 Kc2 48. Kh4 a5 49. Kg5 b4 50. axb4 axb4 51. Bxb4 Kxb2 52. Kxg6 c3 53. Kf6 Bb3 54. Ke5 c2 55. Bd2 c1=Q 56. Bxc1+ Kxc1 0-1

[Event "*** Titled Tuesday Blitz"]
[Site "Chess.com"]
[Date "2020.10.20"]
[Round "3"]
[White "chessplayer9919"]
[Black "Nara_Kh"]
[Result "1-0"]
[WhiteElo "2613"]
[BlackElo "2382"]
[TimeControl "180+1"]
[EndTime "10:29:35 PDT"]
[Termination "chessplayer9919 won by resignation"]

1. d4 d5 2. c4 c6 3. Nf3 Nf6 4.
Nc3 dxc4 5. a4 Bf5 6. e3 e6 7.
Bxc4 Bb4 8. O-O Nbd7 9. Qe2 Bg6 10.
e4 O-O 11. Bd3 Bh5 12. e5 Nd5 13. Nxd5 cxd5 14. Qe3 Re8 15. Ng5 Bg6 16. f4 Bxd3 17. Qxd3 f5 18. g4 h6 19. Nxe6 Rxe6 20. gxf5 Re8 21.
Qb5 a5 22. Qxd5+ Kh8 23. Qg2 Qb6 24. Be3 Nxe5 25. fxe5 Rxe5 26. dxe5 Qxe3+ 27. Kh1 Qxe5 28. f6 g5 29. Qxb7 Rg8 30. Qf3 Bd6 31. Rf2 Rf8 32.
Rd1 Bc5 33. Rd5 Qe1+ 34. Rf1 Qb4 35. f7 Be7 36. Qc3+ Kh7 37. Qxb4 Bxb4 38. Rb5 Kg7 39. Rb7 Kg6 40. Kg2 Kg7 41. Kg3 Kg6 42. h4 Kg7 43.
hxg5 hxg5 44. Kg4 Kg6 45. Rb6+ Kg7 46. Kxg5 Rxf7 47. Rxf7+ Kxf7 48. Rxb4 axb4 49. a5 Ke6 50. a6 Kd7 51. a7 1-0

[Event "*** Titled Tuesday Blitz"]
[Site "Chess.com"]
[Date "2020.10.20"]
[Round "3"]
[White "brunomorado"]
[Black "Fh2411"]
[Result "1/2-1/2"]
[WhiteElo "2317"]
[BlackElo "2511"]
[TimeControl "180+1"]
[EndTime "10:29:35 PDT"]
[Termination "Game drawn - insufficient material"]

1. d4 d5 2. Nc3 c6 3. e4 dxe4 4. Nxe4 Nf6 5. Ng5 h6 6. N5f3 Bf5 7. Bc4 e6 8. Ne2 Nbd7 9. Ng3 Bh7 10. Qe2 Be7 11.
Ne5 Nxe5 12. dxe5 Nd7 13. O-O Qa5 14. Re1 Bg6 15. Bd2 Bb4 16. Bxb4 Qxb4 17. c3 Qe7 18. Ne4 O-O 19. Nd6 Nb6 20. Bd3 Bxd3 21. Qxd3 Rfd8 22. c4 c5 23. Rad1 Nc8 24. Qg3 Nxd6 25.
exd6 Qf6 26. Re5 b6 27. f4 Rd7 28. Re2 Rad8 29. Red2 Qf5 30. Qe3 f6 31. g3 Kf7 32.
Qf3 e5 33. Qd5+ Qe6 34. fxe5 Qxd5 35. Rxd5 fxe5 36. Rxe5 Rxd6 37. Rxd6 Rxd6 38. Re2 Rd4 39. b3 Rd3 40. Kf2 g5 41. Re3 Rd4 42. h3 h5 43.
Re5 Kf6 44. Re8 Rd2+ 45. Re2 Rd4 46. Re8 h4 47. gxh4 gxh4 48. Ke3 Rd1 49. Ra8 Rh1 50. Rxa7 Rxh3+ 51. Kf4 Rh2 52. Ra6 Rf2+ 53. Kg4 Ke5 54. Rxb6 Rxa2 55. Kxh4 Kd4 56. b4 Kxc4 57. bxc5 Kxc5 58.
Rg6 Ra4+ 59. Rg4 Rxg4+ 60. Kxg4 1/2-1/2

[Event "*** Titled Tuesday Blitz"]
[Site "Chess.com"]
[Date "2020.10.20"]
[Round "3"]
[White "sopo-tereladze"]
[Black "Astaneh"]
[Result "0-1"]
[WhiteElo "2295"]
[BlackElo "2517"]
[TimeControl "180+1"]
[EndTime "10:29:35 PDT"]
[Termination "Astaneh won by resignation"]

1. d4 Nf6 2. Nf3 g6 3. Bf4 Bg7 4. e3 d6 5. Be2 O-O 6. h3 c5 7. c3 b6 8. O-O Bb7 9. a4 Nbd7 10. Na3 a6 11. Qc2 Rc8 12. Rad1 Rc7 13. Bh2 Qa8 14. Nc4 Rb8 15. a5 b5 16. Nb6 Nxb6 17.
axb6 Rc6 18. dxc5 Rxc5 19. Qb3 Bd5 20. Qa3 Rxb6 21. Ra1 Bb7 22. Rfd1 Qc8 23. Bf4 Nd5 24. Bg3 b4 25. cxb4 Nxb4 26. Nd4 Nc2 27. Nxc2 Rxc2 28. Bd3 Bxb2 29. Qa5 Rcc6 30. Rab1 Qc7 31. Be4 Bc3 32. Qa2 Rxb1 33. Rxb1 Rb6 34. Bxb7 Qxb7 35. Rc1 Bf6 36. Qc4 Rb5 37. e4 Rc5 38. Qf1 Rxc1 39. Qxc1 Qxe4 40.
Qc8+ Kg7 41. Qxa6 Qe1+ 42. Kh2 Qe6 43. Qd3 Qf5 44. Qe3 Be5 45. f4 Bf6 46. Qf3 h5 47.
Bf2 e5 48. Be3 exf4 49. Bxf4 Qxf4+ 50. Qxf4 Be5 51. Kg3 g5 52. Qxe5+ dxe5 53. h4 Kg6 0-1

[Event "*** Titled Tuesday Blitz"]
[Site "Chess.com"]
[Date "2020.10.20"]
[Round "3"]
[White "Duhless"]
[Black "W_Amadeus"]
[Result "1-0"]
[WhiteElo "3010"]
[BlackElo "2715"]
[TimeControl "180+1"]
[EndTime "10:29:36 PDT"]
[Termination "Duhless won on time"]

1. d4 Nf6 2. Nf3 d5 3. c4 e6 4. Bg5 Bb4+ 5. Nbd2 dxc4 6. Qa4+ Nc6 7. e3 Qd5 8. Bxf6 gxf6 9. a3 b5 10. Qc2 Ba5 11.
O-O-O Bb7 12. Ne4 O-O-O 13. Nxf6 Qd6 14. Ne4 Qe7 15. Nc5 Bb6 16. Nxb7 Kxb7 17. g3 Na5 18. Bg2 c6 19. Kb1 f6 20. Nd2 e5 21. dxe5 fxe5 22.
Be4 h6 23. Nf3 Nb3 24. Rxd8 Rxd8 25. Rd1 a5 26. Rxd8 Bxd8 27. Nd2 a4 28. Nxc4 bxc4 29. Qxc4 Nc5 30. Bc2 Qf8 31. f4 exf4 32. gxf4 Bc7 33.
Qb4+ Bb6 34. Bxa4 Qe8 35. Bc2 Qxe3 36. f5 Qg1+ 37. Ka2 Qxh2 38. Qc4 Qf2 39. Qf7+ Ka6 40. Qc4+ Kb7 41. a4 Nd7 42. Be4 Qc5 43. Qe6 Kc7 44.
f6 Qf8 45. Qxc6+ Kd8 46. Bf5 Qf7+ 47. Be6 1-0

[Event "*** Titled Tuesday Blitz"]
[Site "Chess.com"]
[Date "2020.10.20"]
[Round "3"]
[White "Heineccius"]
[Black "MateusViageiro"]
[Result "0-1"]
[WhiteElo "2518"]
[BlackElo "2361"]
[TimeControl "180+1"]
[EndTime "10:29:36 PDT"]
[Termination "MateusViageiro won by resignation"]

1. d4 Nf6 2. c4 e6 3. Nc3 Bb4 4. g3 O-O 5. Bg2 d5 6. Nf3 c6 7. O-O Nbd7 8. Nd2 Re8 9. e4 dxe4 10. Ndxe4 Nxe4 11. Nxe4 e5 12. d5 cxd5 13. cxd5 f5 14. Ng5 Nf6 15. Qb3 Bd6 16. Bd2 Qe7 17. Bc3 e4 18.
Rae1 h6 19. Ne6 Bxe6 20. dxe6 Qxe6 21. Qxb7 Qf7 22. Qa6 Be5 23. f3 Bxc3 24. bxc3 e3 25. Re2 Rac8 26. Qd3 Rcd8 27. Qxf5 Qc4 28. Rfe1 Qxc3 29.
f4 Qd4 30. Bf3 Qb6 31. Kg2 Kh8 32. g4 Ng8 33. g5 Rf8 34. Qg4 Qd4 35. Rxe3 Rxf4 36. Qg3 Rdf8 37. R1e2 Qd8 38. gxh6 Nxh6 39. Qg6 R4f6 40. Qh5 Rf5 41. Qh3 Qg5+ 42. Kh1 Rb5 43. Re1 Rb4 44. Be4 Re8 45. Qg2 Qxg2+ 46. Kxg2 Rb2+ 47. R3e2 Rxe4 48. Rxb2 Rxe1 49. Rb8+ Kh7 50. Kf2 Re7 51. Rb2 Nf7 52. Kf3 Ne5+ 53. Kf4 Nd3+ 0-1

[Event "*** Titled Tuesday Blitz"]
[Site "Chess.com"]
[Date "2020.10.20"]
[Round "3"]
[White "chenxiaoyuer"]
[Black "Walter_White_Poland"]
[Result "1-0"]
[WhiteElo "2521"]
[BlackElo "2310"]
[TimeControl "180+1"]
[EndTime "10:29:36 PDT"]
[Termination "chenxiaoyuer won by resignation"]

1. e4 e5 2. Nf3 Nc6 3. Bb5 a6 4. Ba4 Nf6 5. d3 d6 6. c3 g6 7.
O-O Bg7 8. Nbd2 O-O 9. Re1 Bd7 10. Nf1 Re8 11. Ng3 Qe7 12. h3 Rad8 13. d4 Nb8 14. Bxd7 Rxd7 15. d5 h6 16. c4 Nh7 17. Be3 c5 18. a3 b5 19. b4 cxb4 20. cxb5 axb5 21. axb4 Rb7 22. Nd2 Rc8 23. Nb3 Rc3 24. Na5 Rbc7 25. Qe2 Qe8 26. Rec1 h5 27. Qd2 Rxc1+ 28. Rxc1 Rxc1+ 29. Qxc1 h4 30. Ne2 f5 31. Qc7 fxe4 32. Qxd6 Nf6 33. Nc3 Qc8 34. Qe6+ Qxe6 35. dxe6 Kf8 36. Bc5+ Ke8 37. Nxb5 Nd5 38. Nd6+ Kd8 39. Nxe4 Kc7 40.
Bd6+ Kc8 41. e7 Nxe7 42. Bxe7 Nd7 43. Bc5 Kc7 44. Nc4 Kc6 45. f3 Kd5 46. Nb6+ Kc6 47.
Nxd7 Kxd7 48. b5 Kc7 49. Kf1 Bh6 50. Ke2 Bc1 51. Kd3 Bf4 52. Kc4 g5 53. Kd5 Bh2 54.
b6+ Kb7 55. Nd6+ Ka6 56. Kc6 Bg1 57. Bxg1 g4 58. hxg4 e4 59. fxe4 h3 60. gxh3 1-0

[Event "*** Titled Tuesday Blitz"]
[Site "Chess.com"]
[Date "2020.10.20"]
[Round "3"]
[White "ShahMatKanal"]
[Black "Deepweb2020"]
[Result "1-0"]
[WhiteElo "2465"]
[BlackElo "2237"]
[TimeControl "180+1"]
[EndTime "10:29:36 PDT"]
[Termination "ShahMatKanal won on time"]

1. d4 Nf6 2. c4 e6 3. a3 b6 4. Nc3 Bb7 5. Nf3 Be7 6. d5 O-O 7. e4 d6 8. Be2 e5 9. O-O Nbd7 10. Ne1 Nc5 11. Qc2 a5 12. Be3 Bc8 13. Rb1 Ng4 14. Bxg4 Bxg4 15. f3 Bd7 16. b4 Nb7 17. Nd3 Bg5 18.
Qd2 Bxe3+ 19. Qxe3 f5 20. exf5 Bxf5 21. Ne4 axb4 22.
axb4 Ra3 23. Qe2 Qa8 24. Rb2 Qa7 25. b5 Bxe4 26. fxe4 Rxf1+ 27. Qxf1 Ra1 28. Ne1 Nc5 29. Rf2 Qa8 30. Rf7 Ra7 31. Rf3 Nxe4 32. Qd3 Nf6 33. Qf5 Qe8 34. g4 e4 35. Rf2 e3 36. Re2 Ra3 37. Qf3 Nd7 38. h3 Qf7 39. Kg2 Nc5 40.
Qxf7+ Kxf7 41. Kf3 1-0

[Event "*** Titled Tuesday Blitz"]
[Site "Chess.com"]
[Date "2020.10.20"]
[Round "3"]
[White "DenisQ"]
[Black "SergeyKarjakin"]
[Result "0-1"]
[WhiteElo "2671"]
[BlackElo "2903"]
[TimeControl "180+1"]
[EndTime "10:29:38 PDT"]
[Termination "SergeyKarjakin won by resignation"]

1. Nf3 Nf6 2. c4 c5 3. Nc3 Nc6 4. g3 e6 5. Bg2 d5 6. cxd5 Nxd5 7. O-O Be7 8. b3 O-O 9. Bb2 b6 10. Nxd5 exd5 11. d4 Be6 12. Rc1 Rc8 13. Qd2 h6 14.
Rfd1 Qd7 15. dxc5 bxc5 16. Ne5 Nxe5 17. Bxe5 Rfd8 18. Qa5 Bf8 19. Rc2 Qe7 20. Bb2 d4 21. Ba3 Re8 22. Rdc1 Bf5 23. Rxc5 Qxe2 24. Rxc8 Bxc8 25.
Bxf8 Rxf8 26. Bf1 Qb2 27. Rd1 Bg4 28. Qd2 Qxd2 29. Rxd2 Rd8 30. Be2 Be6 31. Bc4 Bh3 32. Bf1 Bc8 33. f4 Kf8 34. Kf2 Ke7 35. Bc4 Bg4 36.
Be2 Be6 37. Bc4 Bf5 38. Bd3 Bxd3 39. Rxd3 Ke6 40. Ke2 Kd5 41. Kd2 a5 42. Rf3 Rb8 43. Rf1 a4 44. Rb1 axb3 45. Rxb3 Ra8 46. a3 Ke4 47. Rb7 Rxa3 48. Re7+ Kd5 49. Rxf7 g5 50. fxg5 hxg5 51. Rf8 g4 52. Rd8+ Ke4 53. Re8+ Kf3 54. Rd8 Ra2+ 55. Kd3 Rxh2 0-1